AoeStats
← Clueless Clown

Fortress

508352397Analyzed
4v4 RM · 9d ago on Sep 22, 2026· 45m 29s· 8 players
Game mode
Random Map
Map size
Huge
Population
200
Speed
Normal
Resources
Standard
Victory
Conquest
Starting age
Dark Age
Ending age
Imperial Age
RankedLock teamsTeams togetherTeam positionsShared explorationLock speedFull tech treeHidden civsTurbo modeCheats
Victory
Defeat
🇨🇱 Bohemians · Chile
1121
+14
🇺🇸 Burgundians · United States
1119
+14
🇲🇽 Lithuanians · Mexico
1086
+16
🇺🇸 Khmer · United States
1077
+16
🇹🇼 Japanese · Taiwan
1102
-16
🇨🇳 Turks · China
1088
-15
🇦🇷 Vikings · Argentina
1075
-15
🇧🇷 Huns · Brazil
1054
-14
[GDL] Doña Pelos
6:20 Feudal Age
6:48 Double-Bit Axe
6:44 Horse Collar
12:45 Castle Age
13:46 Bow Saw
15:28 Heavy Plow
17:35 Bloodlines
18:11 Fervor
19:24 Loom
20:17 Wheelbarrow
19:38 Gold Mining
21:26 Town Watch
21:44 Husbandry
21:06 Light Cavalry
21:52 Scale Barding Armor
21:58 Forging
22:13 Stone Mining
23:16 Hand Cart
24:07 Iron Casting
25:11 Chain Barding Armor
30:54 Imperial Age
28:51 Treadmill Crane
31:01 Cavalier
32:19 Plate Barding Armor
31:36 Capped Ram
33:57 Crop Rotation
34:29 Two-Man Saw
33:09 Paladin
34:46 Town Patrol
36:42 Chemistry
36:02 Ballistics
40:22 Conscription
44:22 Spies/Treason
DNANNA6781
2:04 Loom
9:03 Feudal Age
10:16 Double-Bit Axe
10:21 Horse Collar
13:07 Castle Age
11:29 Gold Mining
13:00 Stone Mining
14:29 Bow Saw
14:23 Heavy Plow
17:13 Wheelbarrow
31:21 Imperial Age
29:11 Hand Cart
32:22 Town Watch
32:43 Double Crossbow
34:29 Conscription
35:12 Chemistry
36:46 Ballistics
36:32 Siege Engineers
36:39 Masonry
36:40 Fortified Wall
37:49 Elite Ballista Elephant
42:50 Illumination
42:48 Sanctity
Clueless Clown
2:51 Double-Bit Axe
3:55 Horse Collar
7:58 Feudal Age
6:36 Gold Mining
12:11 Castle Age
10:49 Bow Saw
10:51 Heavy Plow
11:52 Gold Shaft Mining
11:25 Stone Mining
13:43 Wheelbarrow
15:23 Hand Cart
15:02 Loom
15:58 Stone Shaft Mining
19:05 Two-Man Saw
18:55 Town Watch
20:41 Crop Rotation
20:49 Burgundian Vineyards
22:36 Cavalier
23:17 Husbandry
23:09 Treadmill Crane
23:41 Masonry
23:27 Murder Holes
28:19 Imperial Age
26:23 Scale Barding Armor
26:29 Forging
27:27 Scale Mail Armor
27:47 Chain Barding Armor
28:53 Iron Casting
28:20 Paladin
29:50 Plate Barding Armor
29:50 Iron Casting
30:03 Conscription
31:13 Caravan
31:23 Guilds
32:49 Blast Furnace
35:26 Fletching
35:59 Ballistics
36:10 Architecture
36:55 Chemistry
39:27 Bodkin Arrow
40:34 Fortified Wall
40:46 Bombard Tower
43:17 Spies/Treason
Nichelson3360
7:37 Feudal Age
9:29 Loom
12:27 Castle Age
10:37 Double-Bit Axe
10:49 Horse Collar
13:05 Wheelbarrow
13:40 Bow Saw
14:52 Hand Cart
14:50 Fervor
17:05 Heavy Plow
21:23 Fletching
22:39 Padded Archer Armor
23:41 Bodkin Arrow
26:29 Chemistry
25:54 Wagenburg Tactics
26:12 Ballistics
26:34 Sanctity
26:32 Leather Archer Armor
26:31 Forging
26:21 Scale Mail Armor
30:39 Imperial Age
27:57 Town Watch
28:25 Treadmill Crane
28:49 Town Patrol
31:59 Bracer
32:29 Ring Archer Armor
32:12 Masonry
32:59 Chain Mail Armor
33:19 Iron Casting
Six
7:00 Feudal Age
7:50 Double-Bit Axe
12:31 Castle Age
17:22 Horse Collar
17:55 Bow Saw
20:29 Heavy Plow
21:31 Gold Mining
23:56 Gold Shaft Mining
26:11 Imperial Age
24:30 Forging
24:26 Scale Barding Armor
26:20 Iron Casting
25:49 Marauders
26:01 Bloodlines
25:52 Husbandry
26:18 Elite Tarkan
28:28 Blast Furnace
27:49 Chain Barding Armor
30:36 Wheelbarrow
31:11 Plate Barding Armor
小子欸别跑
8:15 Feudal Age
13:03 Castle Age
11:10 Double-Bit Axe
11:07 Horse Collar
13:44 Wheelbarrow
15:26 Bow Saw
16:10 Heavy Plow
23:54 Imperial Age
22:14 Loom
23:58 Hand Cart
24:22 Bloodlines
24:13 Husbandry
24:38 Town Watch
26:58 Forging
26:53 Scale Barding Armor
26:45 Gold Mining
26:45 Stone Mining
27:52 Conscription
29:40 Iron Casting
30:21 Elite Janissary
ELDIOSCHICHOLIN
0:27 Loom
8:14 Feudal Age
13:10 Castle Age
12:29 Double-Bit Axe
12:37 Gold Mining
12:32 Horse Collar
14:37 Bow Saw
15:43 Pikeman
18:19 Gold Shaft Mining
21:51 Town Watch
22:26 Squires
22:14 Gambesons
22:30 Squires
22:31 Scale Mail Armor
28:00 Imperial Age
25:49 Heavy Plow
27:40 Chain Mail Armor
28:52 Fortified Wall
29:49 Forging
31:44 Chieftains
33:34 Iron Casting
33:33 Capped Ram
35:39 Siege Ram
38:00 Plate Mail Armor
一杯冰美式
2:58 Loom
7:34 Feudal Age
8:04 Double-Bit Axe
8:04 Horse Collar
13:16 Castle Age
11:08 Gold Mining
13:36 Stone Mining
14:15 Bow Saw
16:03 Heavy Plow
18:39 Wheelbarrow
17:53 Loom
18:03 Town Watch
22:41 Gold Shaft Mining
25:39 Imperial Age
25:27 Forging
25:18 Scale Mail Armor
25:06 Arson
25:22 Squires
27:06 Iron Casting
27:00 Conscription
27:51 Two-Man Saw
28:37 Elite Samurai
31:10 Blast Furnace
30:26 Chain Mail Armor
32:13 Town Patrol
38:08 Plate Mail Armor
Connection lost

Rejoining the realm…

Still unreachable

The connection could not be restored.

Session expired

The server has moved on; the page needs a fresh start.